 Dungeon Crawl Stone Soup version 0.30-a0-916-g9813417 (webtiles) character file.

Game seed: 4049750646845972134

350 Think the Conjurer (level 6, -5/24 HPs)
             Began as a Felid Conjurer on Mar 26, 2023.
             Was an Initiate of Vehumet.
             Killed by divine providence
             ... invoked by an orc priest
              (14 damage)
             ... on level 4 of the Dungeon.
             The game lasted 00:12:00 (3621 turns).

Think the Conjurer (Felid Conjurer)                 Turns: 3621, Time: 00:12:01

Health: -5/24      AC:  2    Str:  3    XL:     6   Next: 33%
Magic:  10/19      EV: 17    Int: 22    God:    Vehumet [......]
Gold:   134        SH:  0    Dex: 14    Spells: 3/9 levels left
                                        Lives:  0   Deaths: 1

rFire   . . .      SeeInvis +    (weapon unavailable)
rCold   . . .      Faith    .    (shield unavailable)
rNeg    . . .      Spirit   .    (body armour unavailable)
rPois   .          Reflect  .    (helmet unavailable)
rElec   .          Rampage  .    (cloak unavailable)
rCorr   .                        (gloves unavailable)
Will    .....                    (boots unavailable)
Stlth   ++                       (no amulet)
HPRegen 0.24/turn                h - ring of magical power
MPRegen 0.16/turn                (no ring)

@: quick
A: very small, claws 1, fangs 3, see invisible, speed 1, shaggy fur 2, stealthy
paws, no weapons or thrown items, no armour, multi-lived
a: Renounce Religion


You were on level 4 of the Dungeon.
You worshipped Vehumet.
Vehumet was noncommittal.
You visited 2 branches of the dungeon, and saw 5 of its levels.

You collected 134 gold pieces.

Inventory:

Jewellery
 h - a ring of magical power (left paw)
 i - a ring of positive energy
Wands
 n - a wand of light (2)
Scrolls
 c - 2 scrolls of teleportation {unknown}
 f - 2 scrolls of fear {unknown}
 g - a scroll of brand weapon {unknown}
 l - 3 scrolls of identify {unknown}
Potions
 a - 2 potions of magic
 b - 3 potions of curing {unknown}
 d - a potion of might
 e - 2 potions of berserk rage {unknown}
 j - 2 potions of ambrosia {unknown}
 k - a potion of cancellation {unknown}
 m - a potion of heal wounds {unknown}
 o - 2 potions of lignification {unknown}


   Skills:
 - Level 2.6 Dodging
 - Level 2.6 Stealth
 - Level 2.0 Spellcasting
 + Level 7.8 Conjurations


You had 3 spell levels left.
You knew the following spells:

 Your Spells              Type           Power      Damage    Failure   Level
a - Magic Dart            Conj           100%       1d8       1%          1
b - Searing Ray           Conj           72%        2d7       1%          2
c - Dazzling Flash        Conj/Hex       38%        N/A       9%          3

Your spell library contained the following spells:

 Spells                   Type           Power      Damage    Failure   Level
 Fulminant Prism          Conj/Hex       9%         3d7       28%         4
 Iskenderun's Mystic Bla  Conj/Tloc      19%        2d6       28%         4


Dungeon Overview and Level Annotations

Branches:
Dungeon (4/15)             Temple (1/1) D:4

Altars:
Ashenzari
Cheibriados
Dithmenos
Elyvilon
Fedhas
Gozag
Hepliaklqana
Kikubaaqudgha
Makhleb
Nemelex Xobeh
Okawaru
Qazlal
Ru
Sif Muna
Trog
Uskayaw
Vehumet
Wu Jian
Yredelemnul
Zin
The Shining One

Shops:
D:3 [


Innate Abilities, Weirdness & Mutations

You have sharp claws.
You have razor-sharp teeth.
You have supernaturally acute eyesight. (SInv)
You cover ground quickly. (Speed+)
You are covered in thick fur. (AC +2)
Your paws help you pounce on unaware monsters.
You are incapable of wielding weapons or throwing items.
You cannot wear armour.
You gain extra lives every three experience levels.


Message History

Aiming: Magic Dart (safe; 1% risk of failure)
Press: ? - help, Shift-Dir - straight line, f/p - kobold brigand
Aim: a kobold brigand, wielding a +0 club and quivering poisoned darts (severely wounded, 100% to hit)
The magic dart hits the kobold brigand but does no damage.
The kobold brigand is severely wounded.
Casting: Magic Dart (safe; 1% risk of failure)
Confirm with . or Enter, or press ? or * to list all spells.
Aiming: Magic Dart (safe; 1% risk of failure)
Press: ? - help, Shift-Dir - straight line, f/p - kobold brigand
Aim: a kobold brigand, wielding a +0 club and quivering poisoned darts (severely wounded, 100% to hit)
The magic dart hits the kobold brigand but does no damage.
The kobold brigand is severely wounded.
The orc priest looks braver for a moment.
Casting: Magic Dart (safe; 1% risk of failure)
Confirm with . or Enter, or press ? or * to list all spells.
Aiming: Searing Ray (safe; 1% risk of failure)
Press: ? - help, Shift-Dir - straight line, f/p - kobold brigand
Aim: a kobold brigand, wielding a +0 club and quivering poisoned darts (severely wounded, 76% to hit)
The searing ray hits the kobold brigand!
The kobold brigand is almost dead. (Press . to maintain the ray.)
The orc priest mumbles some strange prayers to Beogh against you.
You resist with significant effort.
The kobold brigand hits you with a +0 club.
The searing ray hits the kobold brigand.
You kill the kobold brigand!
Vehumet accepts your kill.
The orc priest invokes the aid of Beogh against you.
Beogh smites you!
Ouch! That really hurt!
Casting: Searing Ray (safe; 1% risk of failure)
Confirm with . or Enter, or press ? or * to list all spells.
Okay, then.
Casting: Searing Ray (safe; 1% risk of failure)
Confirm with . or Enter, or press ? or * to list all spells.
Okay, then.
The orc priest invokes the aid of Beogh against you.
Beogh smites you!
Ouch! That really hurt!
You die...

.)..##......##..####..##
............##..####...#
....#.......#...##....##
oo.........)...###...###
.....####...#####......#
.....###....>.###......##
#.........#....#....#...#
#†.##.....##..##....#...#
....#......#..#.@#..##..#
#...##..........#########
#............#..)###
(..................##
........##...........
....##..##..#..o......#
[...##..##..#÷........#
...........#.......####
........##(#......##


You could see an orc priest.

Vanquished Creatures
  An ogre (D:4)
  A kobold brigand (D:4)
  A bullfrog (D:4)
  A scorpion (D:4)
  A jelly (D:3)
  2 orc priests
  2 orc wizards (D:4)
  3 adders
  3 worms
  11 orcs
  7 ball pythons
  4 endoplasms
  3 giant cockroaches (D:4)
  5 goblins
  7 hobgoblins
  2 jackals (D:1)
  9 kobolds
  4 quokkas
  3 bats (D:2)
  2 frilled lizards
  7 rats
79 creatures vanquished.

Vanquished Creatures (others)
  9 plants (D:2)
  7 withered plants (D:2)
16 creatures vanquished.

Grand Total: 95 creatures vanquished

Notes
Turn   | Place    | Note
-------+----------+-------------------------------------------
     0 | D:1      | Think the Felid Conjurer began the quest for the Orb.
     0 | D:1      | Reached XP level 1. HP: 7/7 MP: 4/4
   204 | D:1      | Reached skill level 4 in Conjurations
   303 | D:1      | Reached XP level 2. HP: 11/11 MP: 1/6
  1037 | D:2      | Reached XP level 3. HP: 14/14 MP: 0/7
  1307 | D:2      | Found a faded altar of an unknown god.
  1752 | D:2      | Learned a level 3 spell: Dazzling Flash
  1767 | D:2      | Learned a level 2 spell: Searing Ray
  1854 | D:2      | Reached skill level 5 in Conjurations
  2183 | D:3      | Found a bloodstained altar of Trog.
  2227 | D:3      | Found Wizik's Armour Emporium.
  2318 | D:3      | Reached XP level 4. HP: 18/18 MP: 8/8
  2397 | D:3      | Found a glowing silver altar of Zin.
  2923 | D:3      | Reached XP level 5. HP: 21/21 MP: 9/9
  3072 | D:4      | Noticed an ogre
  3077 | D:4      | Killed an ogre
  3078 | D:4      | Reached skill level 6 in Conjurations
  3086 | D:4      | Gained mutation: You are covered in thick fur. (AC +2)
                  | [Felid growth]
  3086 | D:4      | Reached XP level 6. HP: 24/24 MP: 6/10
  3094 | D:4      | Found a staircase to the Ecumenical Temple.
  3105 | Temple   | Entered the Ecumenical Temple
  3199 | Temple   | Became a worshipper of Vehumet
  3281 | D:4      | Reached skill level 7 in Conjurations
  3428 | D:4      | Noticed an orc warrior
  3434 | D:4      | Killed from afar by an orc priest
  3435 | D:4      | Reached XP level 5. HP: 0/21 MP: 5/18
  3508 | D:4      | Reached XP level 6. HP: 24/24 MP: 8/10
  3621 | D:4      | Killed from afar by an orc priest

Illustrated notes

Levels and vault maps discovered:
D:1:      lightli_arrival_windingriver, layout_loops_cross, minivault_25
D:2:      layout_loops_corners, shapermc_ecumenical_altar_flowoftime
D:3:      layout_basic, bloody_trog, mainiacjoe_overflow_paths, serial_shops,
          shop, supply_closet_lemuel
D:4:      layout_cave_pools, minmay_temple_entry_drinking_statues,
          kennysheep_opposing_triangles
Temple:   hellmonk_temple_of_storms

Skill      XL: |  1  2  3  4  5  6 |
---------------+-------------------+-----
Conjurations   | 4 5 6 7 |  7.8
Dodging        | |  2.6
Stealth        | |  2.6
Spellcasting   | |  2.0

Action                     |  1- 3 |  4- 6 || total
---------------------------+-------+-------++-------
  Melee: Unarmed           |    19 |       ||    19
   Cast: Magic Dart        |    82 |    72 ||   154
         Searing Ray       |     1 |    16 ||    17
    Use: Potion            |     1 |       ||     1
   Stab: Sleeping          |     1 |       ||     1
 Armour: Skin              |     2 |       ||     2
  Dodge: Dodged            |    21 |    20 ||    41

Table legend: (Time is in decaauts)
 A = Elapsed time spent in this place.
 B = Non-inter-level travel time spent in this place.
 C = Inter-level travel time spent in this place.
 D = Time resting spent in this place.
 E = Time spent auto-exploring this place.
 F = Levels seen in this place.
 G = Mean time per level.
                   A        B        C        D        E       F      G
               +--------+--------+--------+--------+--------+-----+--------+
         Total |   3212 |   3097 |    115 |    123 |   2583 |   5 |  642.4 |
       Dungeon |   3109 |   3004 |    105 |    123 |   2510 |   4 |  777.2 |
        Temple |    102 |     92 |     10 |      0 |     72 |   1 |  102.0 |
               +--------+--------+--------+--------+--------+-----+--------+

Top non-repeatable levels by time:
     D:2: 1124 daAuts
     D:3: 840 daAuts
     D:1: 737 daAuts
     D:4: 408 daAuts
  Temple: 102 daAuts
